 Dungeon Crawl Stone Soup version 0.30.0-29-ga12c61a403 (webtiles) character file.

Game seed: 16195042464330024506

343076 wortelefant the Impregnable (level 21, 0/205 HPs)
             Began as a Minotaur Fighter on June 10, 2023.
             Was a High Priest of Okawaru.
             Killed from afar by a tengu reaver (2 damage)
             ... with a bolt of poison
             ... on level 4 of the Vaults.
             The game lasted 04:26:25 (42284 turns).

wortelefant the Impregnable (Minotaur Fighter)     Turns: 42284, Time: 04:26:26

Health: 0/205      AC: 36    Str: 26    XL:     21   Next: 12%
Magic:  30/30      EV: 19    Int:  9    God:    Okawaru [*****.]
Gold:   2782       SH: 31    Dex: 18    Spells: 20/20 levels left

rFire   . . .        M - +9 broad axe "Siguy" {spect, Dex+6}
rCold   . . .        c - +5 tower shield {reflect}
rNeg    . . .        I - +3 plate armour {rPois}
rPois   +            (helmet restricted)
rElec   .            D - +2 cloak
rCorr   .            l - +1 pair of gloves
SInv    .            i - +2 pair of boots {rampage}
Will    +....        N - amulet of regeneration Stlth
                     r - +5 ring of evasion
HPRegen 1.34/turn    e - +4 ring of slaying
MPRegen 0.22/turn

%: reflection, rampage
@: heroic
A: horns 2, retaliatory headbutt
}: 2/15 runes: decaying, serpentine
a: Renounce Religion, Heroism, Finesse, Duel


You were on level 4 of the Vaults.
You worshipped Okawaru.
Okawaru was extremely pleased with you.
You visited 6 branches of the dungeon, and saw 35 of its levels.
You also visited: Gauntlet, Ice Cave and Desolation.

You collected 4341 gold pieces.
You spent 1559 gold pieces at shops.

Inventory:

Hand Weapons
 j - a +7 war axe of flaming
 C - the +3 hand axe of Eveluirph {pain, rN+ Will+ Str+6 Dex-3}
   (Okawaru gifted it to you in the Desolation of Salt)

   Str:       It affects your strength (+6).
   Dex:       It affects your dexterity (-3).
   rN:        It protects you from negative energy.
   Will:      It increases your willpower.
 M - the +9 broad axe "Siguy" (weapon) {spect, Dex+6}
   (Okawaru gifted it to you on level 8 of the Dungeon)

   Dex:       It affects your dexterity (+6).
 O - a +7 broad axe of electrocution
Missiles
 z - 7 silver javelins
 J - 10 curare-tipped darts (quivered)
 L - 7 boomerangs of dispersal
Armour
 c - a +5 tower shield of reflection (worn)
 f - a +1 kite shield of fire resistance
 i - a +2 pair of boots of rampaging (worn)
 l - a +1 pair of gloves (worn)
 D - a +2 cloak (worn)
 I - a +3 plate armour of poison resistance (worn)
Jewellery
 e - a +4 ring of slaying (right hand)
 h - a ring of flight
 r - a +5 ring of evasion (left hand)
 s - the ring of Elyvilon's Anger {Will+ MP+9}
   (You found it in the Desolation of Salt)

   [ring of magical power]

   MP:        It affects your magic capacity (+9).
   Will:      It increases your willpower.
 t - a +6 ring of strength
 A - a ring of ice
 B - a ring of positive energy
 N - an amulet of regeneration (around neck)
 S - the ring of the Cockatrice {rN+ SInv Stlth+}
   (You found it in a Gauntlet)

   [ring of see invisible]

   rN:        It protects you from negative energy.
   SInv:      It lets you see invisible.
   Stlth:     It makes you more stealthy.
 W - the amulet "Wogrojog" {Reflect rC+ SH+5}
   (You found it in the Desolation of Salt)

   [amulet of reflection]

   It reflects blocked missile attacks.
   rC:        It protects you from cold.
   SH:        It affects your SH (+5).
 Y - a ring of resist corrosion
Wands
 p - a wand of roots (35)
 u - a wand of mindburst (23)
 v - a wand of paralysis (9)
 y - a wand of digging (5)
 E - a wand of quicksilver (16)
 H - a wand of flame (45)
 R - a wand of polymorph (17)
Scrolls
 a - a scroll of blinking
 g - 2 scrolls of magic mapping
 q - 5 scrolls of fog
 x - 17 scrolls of identify
 G - 11 scrolls of teleportation
 Q - 3 scrolls of silence
Potions
 b - 8 potions of lignification
 d - a potion of berserk rage
 k - 9 potions of ambrosia
 m - 7 potions of flight
 n - 14 potions of curing
 o - 7 potions of brilliance
 w - 5 potions of haste
 F - a potion of resistance
 K - 3 potions of might
 T - 8 potions of invisibility
 U - 3 potions of cancellation
 V - 3 potions of heal wounds
 X - a potion of mutation
Miscellaneous
 Z - a piece from Xom's chessboard (15/15)


   Skills:
 + Level 21.5(26.5) Fighting
 - Level 18.0(23.0) Axes
 - Level 10.0(15.0) Throwing
 + Level 21.6(26.6) Armour
 + Level 4.5(9.5) Dodging
 + Level 21.6(26.6) Shields
 - Level 14.0 Invocations
 - Level 8.0 Evocations


You had 20 spell levels left.
You didn't know any spells.
Your spell library contained the following spells:

 Spells                   Type           Power      Damage    Failure   Level
 Kiss of Death            Conj/Necr      0%         2d5       80%         1
 Magic Dart               Conj           0%         1d3       80%         1
 Searing Ray              Conj           0%         2d4       90%         2
 Static Discharge         Conj/Air       0%         2-2/arc   90%         2
 Sublimation of Blood     Necr           0%         N/A       90%         2
 Confusing Touch          Hex            0%         N/A       99%         3
 Dazzling Flash           Conj/Hex       0%         N/A       99%         3
 Airstrike                Air            0%         2d(0-16)  100%        4
 Dispel Undead            Necr           0%         3d6       100%        4
 Fulminant Prism          Conj/Hex       0%         3d5       100%        4
 Petrify                  Tmut/Erth      0%         N/A       100%        4
 Agony                    Necr           0%         N/A       100%        5
 Blade Hands              Tmut           0%         N/A       100%        5
 Fireball                 Conj/Fire      0%         3d3       100%        5
 Freezing Cloud           Conj/Ice/Air   0%         6-21      100%        5
 Irradiate                Conj/Tmut      0%         3d11      100%        5
 Iskenderun's Battlesphe  Conj           0%         2d6       100%        5
 Metabolic Englaciation   Hex/Ice        0%         N/A       100%        5
 Silence                  Hex/Air        0%         N/A       100%        5
 Conjure Ball Lightning   Conj/Air       0%         3x3d6     100%        6
 Eringya's Noxious Bog    Tmut/Pois      0%         N/A       100%        6
 Iron Shot                Conj/Erth      0%         9d1       100%        6
 Statue Form              Tmut/Erth      0%         N/A       100%        6
 Orb of Destruction       Conj           0%         9d5       100%        7
 Discord                  Hex            0%         N/A       100%        8
 Disjunction              Tloc           0%         N/A       100%        8
 Animate Armour           Summ/Erth      Unusable   N/A       N/A         4
 Summon Lightning Spire   Summ/Air       Unusable   N/A       N/A         4
 Summon Forest            Summ/Tloc      Unusable   N/A       N/A         5
 Summon Hydra             Summ           Unusable   N/A       N/A         7

Dungeon Overview and Level Annotations

Branches:
Dungeon (15/15)            Temple (0/1) D:4            Lair (5/5) D:10
  Swamp (4/4) Lair:2        Snake (4/4) Lair:3        Slime (0/5) Lair:5
    Orc (2/2) D:9             Elf (0/3) Orc:2        Vaults (5/5) D:13
  Crypt (0/3) Vaults:2     Depths (0/4) D:15          IceCv (visited)
Desolation (visited)      Gauntlet (visited)

Altars:
Elyvilon
Fedhas
Gozag
Hepliaklqana
Kikubaaqudgha
Makhleb
Nemelex Xobeh
Okawaru
Ru
Trog
Vehumet
Yredelemnul

Shops:
D:6 *   D:11 :*(   D:12 =   D:14 [   Orc:2 (=[?=   Snake:2 =   Snake:3 *
Snake:4 :   Vaults:1 [   Vaults:4 =

Portals:
Trove: D:10 (give 7 potions of haste)

Annotations:
D:6 exclusion: statue


Innate Abilities, Weirdness & Mutations

You have a pair of horns on your head.
You reflexively headbutt those who attack you in melee.


Message History

You kill the tengu reaver!
Okawaru accepts your kill.
You completely miss the tengu reaver.
Your +9 broad axe "Siguy" {spect, Dex+6} hits the tengu reaver!
The tengu reaver casts a spell at you. The bolt of lightning hits you!!!
* * * LOW HITPOINT WARNING * * *
You miss the tengu reaver.
The tengu reaver is lightly wounded.
The tengu reaver blocks your +9 broad axe "Siguy" {spect, Dex+6}'s attack.
The tengu reaver hits you with a +0 war axe.
* * * LOW HITPOINT WARNING * * *
The tengu reaver hits your +9 broad axe "Siguy" {spect, Dex+6} but does no damage.
You block the tengu reaver's attack. The tengu reaver closely misses you.
The tengu reaver blocks your attack.
The tengu reaver is lightly wounded.
Your +9 broad axe "Siguy" {spect, Dex+6} hits the tengu reaver but does no damage.
Unknown command.
You hit the tengu reaver. You headbutt the tengu reaver!!
The tengu reaver is moderately wounded.
Your +9 broad axe "Siguy" {spect, Dex+6} hits the tengu reaver!!
The tengu reaver points at you and mumbles some strange words.
The bolt of lightning hits you!!
* * * LOW HITPOINT WARNING * * *
You slash the tengu reaver! Your headbutt misses the tengu reaver.
The tengu reaver is severely wounded.
The tengu reaver blocks your +9 broad axe "Siguy" {spect, Dex+6}'s attack.
The tengu reaver hits your +9 broad axe "Siguy" {spect, Dex+6} with a +0 war axe!
Your spectral weapon shares its damage with you!
You block the tengu reaver's attack.
* * * LOW HITPOINT WARNING * * *
The tengu reaver completely misses your +9 broad axe "Siguy" {spect, Dex+6}.
The tengu reaver claws your +9 broad axe "Siguy" {spect, Dex+6}.
Your spectral weapon shares its damage with you!
You closely miss the tengu reaver.
The tengu reaver is severely wounded.
Your +9 broad axe "Siguy" {spect, Dex+6} hits the tengu reaver!
The tengu reaver casts a spell at you. The bolt of poison hits you. You resist.
You die...

#....>......#............
#...........#............
#...........#............
#############............
#............
#####################............
#...#...#...#......##............
#...'...#...#..[.Q(##............
#..##...##..#..[@..##......#####'
####.....#'##...)).##......#.....
#.....#.....#......##......#.....
#....###....'......##......#.....
#.....#.>...#......##......#.....
##'#.....####......##......#.....
#..##...##..#########...<..#.....
#...#...'...# #......#.....
#...#...#...# #......#.....


You could see a tengu reaver (ally target) and a friendly +9 broad axe "Siguy"
{spect, Dex+6}.

Vanquished Creatures
  An ancient lich (Vaults:5)
  the Lernaean hydra (Swamp:4)
  Xtahua (Vaults:2)
  Vashnia (Snake:4)
  A golden dragon (Vaults:5)
  Jory (Vaults:3)
  A tentacled monstrosity (Vaults:5)
  Rupert (Lair:4)
  Jorgrun (D:13)
  A sphinx (Vaults:2)
  5 thorn hunters
  3 tengu reavers
  The ghost of MadAsgardian the Grappler, a journeyman TrMo of Makhleb (D:15)
  The ghost of Keoguots the Thaumaturge, an adept GnSk of Makhleb (Swamp:3)
  4 nagarajas (Snake:4)
  A frost giant (Vaults:5)
  9 vault wardens
  An orc warlord (Vaults:4)
  Aizul (Snake:3)
  2 imperial myrmidons (Desolation)
  11 ironbound preservers
  10 very ugly things (Vaults:1)
  7 ironbound thunderhulks
  A war gargoyle (Vaults:2)
  A deep elf annihilator (Vaults:1)
  A stone giant (Vaults:5)
  7 eleionomae
  A minotaur (Gauntlet)
  4 bunyips
  9 dire elephants
  2 halazid warlocks (Desolation)
  A deep elf death mage (Vaults:5)
  Snorg (Lair:5)
  2 crystal guardians (Desolation)
  3 shambling mangroves
  2 ettins
  6 entropy weavers
  5 great orbs of eyes
  6 ragged hierophants (Desolation)
  A deep elf high priest (Vaults:4)
  13 yaktaur captains
  2 salamander tyrants
  18 hydras
  2 boulder beetles
  22 vault guards
  4 servants of whispers (Desolation)
  2 ghost crabs (Swamp:2)
  11 ironbound frosthearts
  5 peacekeepers
  2 catoblepae
  15 anacondas
  4 centaur warriors
  A dancing weapon (Vaults:5)
  10 death yaks
  A deep troll shaman (Lair:5)
  5 alligators
  2 tengu warriors (Gauntlet)
  2 two-headed ogres
  A deep troll earth mage (Vaults:4)
  13 naga warriors
  3 orc high priests (Orc:2)
  7 shock serpents
  14 naga sharpshooters
  2 iron trolls (Vaults:4)
  7 salamander mystics
  A sixfirhy (Gauntlet)
  A spectral spriggan (Swamp:3)
  A glowing orange brain (Vaults:3)
  A spriggan druid (Swamp:1)
  35 deep trolls
  7 goliath frogs
  10 naga ritualists
  9 swamp dragons
  Pikel (D:7)
  2 phantasmal warriors
  5 bog bodies
  11 wizards
  23 ironbound convokers
  4 harpies (Vaults:1)
  3 fenstrider witch simulacra (Swamp:3)
  8 lindwurms
  8 orc knights
  A deep elf pyromancer (D:9)
  A necromancer (D:15)
  A wolf spider (Vaults:5)
  16 mana vipers
  2 oklob plants (Swamp:2)
  6 orc sorcerers
  2 manticores
  45 ugly things
  24 salamanders
  4 will-o-the-wisps
  5 cyclopes
  18 elephants
  Maurice (D:8)
  3 ice statues (IceCv)
  36 black mambas
  7 guardian serpents
  22 vault sentinels
  2 molten gargoyles (Desolation)
  22 naga magi
  A torpor snail (Lair:5)
  A black mamba (shapeshifter) (D:14)
  2 centaur skeletons (D:15)
  A gargoyle (D:13)
  11 cane toads
  Maggie (D:7)
  A rime drake (Lair:4)
  4 kobold demonologists
  28 yaktaurs
  7 komodo dragons
  2 unseen horrors
  An anaconda simulacrum (IceCv)
  3 tengu conjurers (Gauntlet)
  A queen bee (Lair:1)
  4 trolls
  2 polar bears
  3 spectral death drakes (Swamp:3)
  5 tyrant leeches
  38 saltlings (Desolation)
  10 hornets
  14 blink frogs
  3 meliai (D:12)
  4 dream sheep (Lair:5)
  2 jumping spiders
  47 slime creatures
  A jumping spider (shapeshifter) (Vaults:5)
  A shadow (D:11)
  A centaur simulacrum (D:15)
  Sigmund (D:2)
  5 spriggans
  3 wraiths
  2 basilisks
  2 wyverns
  Grum (D:8)
  A neqoxec (Gauntlet)
  61 yaks
  A spriggan simulacrum (Swamp:3)
  2 chaos spawn (Gauntlet)
  11 humans (D:13)
  A death yak simulacrum (IceCv)
  13 vampire mosquitoes
  11 redbacks
  3 steam dragons
  51 nagas
  2 wargs
  15 swamp worms
  2 death drake simulacra (Swamp:3)
  3 acid dragons
  A hydra simulacrum (IceCv)
  Duvessa (D:4)
  11 water moccasins
  10 swamp drakes
  3 sky beasts
  2 hornet zombies
  19 orc warriors
  An ice beast (D:6)
  2 black bears
  16 centaurs
  2 ogres
  7 boggarts
  23 wolves
  2 lemures (D:7)
  2 kobold brigands
  2 phantoms
  10 bullfrogs
  Blork the orc (D:5)
  3 necrophages (D:7)
  A gnoll sergeant (D:9)
  3 scorpions
  A water moccasin zombie (D:3)
  13 wights
  Dowan (D:4)
  30 killer bees
  An elephant simulacrum (IceCv)
  7 howler monkeys
  3 lava snakes (Lair:3)
  A human zombie (D:7)
  7 jellies
  20 orc priests
  2 hounds
  Crazy Yiuf (D:7)
  3 centaur zombies
  2 gnoll boudas
  A sleepcap (D:7)
  Ijyb (D:4)
  2 scorpion zombies (D:3)
  5 iguanas
  15 orc wizards
  A killer bee zombie (D:7)
  A polar bear simulacrum (IceCv)
  A wolf simulacrum (IceCv)
  A hound zombie (D:3)
  2 mummies (D:7)
  Robin (D:3)
  15 gnolls
  10 adders
  14 white imps
  5 ufetubi
  An adder zombie (D:3)
  2 adder skeletons (D:3)
  3 worms
  6 dart slugs
  48 orcs
  4 endoplasms
  5 giant cockroaches
  8 hobgoblins
  2 quokkas (D:3)
  9 ball pythons
  6 bats
  5 frilled lizards
  11 goblins
  A jackal skeleton (D:3)
  15 kobolds
  2 quokka skeletons (D:3)
  A rat (D:3)
  A spectral hobgoblin (D:15)
  3 spectral weapons (Desolation)
1447 creatures vanquished.

Vanquished Creatures (others)
  A naga warrior (Snake:4)
  A goliath frog (Swamp:2)
  2 bloated husks
  18 foxfires
  23 spectral weapons
45 creatures vanquished.

Grand Total: 1492 creatures vanquished

Notes
Turn   | Place    | Note
-------+----------+-------------------------------------------
     0 | D:1      | wortelefant the Minotaur Fighter began the quest for the
                  | Orb.
     0 | D:1      | Reached XP level 1. HP: 19/19 MP: 0/0
   211 | D:1      | Reached XP level 2. HP: 27/27 MP: 1/1
   958 | D:2      | Reached XP level 3. HP: 33/33 MP: 2/2
  1330 | D:2      | Noticed Sigmund
  1346 | D:2      | Killed Sigmund
  1347 | D:2      | Reached XP level 4. HP: 31/41 MP: 3/3
  1347 | D:2      | Reached XP level 5. HP: 36/47 MP: 4/4
  1529 | D:2      | Reached skill level 5 in Axes
  1778 | D:2      | Reached XP level 6. HP: 55/55 MP: 5/5
  2011 | D:3      | Reached skill level 5 in Fighting
  2011 | D:3      | Reached skill level 5 in Shields
  2107 | D:3      | Reached skill level 5 in Armour
  2178 | D:3      | Found a white marble altar of Elyvilon.
  2979 | D:4      | Noticed Robin
  3019 | D:3      | Killed Robin
  3189 | D:4      | Identified the +6 whip "Wunt" {freeze, Will++ Dex+2}
  3201 | D:4      | Noticed Dowan
  3203 | D:4      | Noticed Duvessa
  3207 | D:4      | Killed Dowan
  3208 | D:4      | Reached XP level 7. HP: 61/61 MP: 6/6
  3215 | D:4      | Killed Duvessa
  3292 | D:4      | Noticed Ijyb
  3302 | D:4      | Killed Ijyb
  3624 | D:4      | Found an iron altar of Okawaru.
  3633 | D:4      | Became a worshipper of Warmaster Okawaru
  3772 | D:4      | Found a staircase to the Ecumenical Temple.
  4198 | D:5      | Entered Level 5 of the Dungeon
  4281 | D:5      | Noticed Blork the orc
  4297 | D:5      | Killed Blork the orc
  4298 | D:5      | Reached XP level 8. HP: 70/70 MP: 7/7
  4528 | D:5      | Reached * piety under Okawaru
  4742 | D:5      | Found a sparkling altar of Nemelex Xobeh.
  5434 | D:6      | Found a radiant altar of Vehumet.
  5635 | D:6      | Found Ceupsoo's Neck Hole.
  5650 | D:6      | Bought a scarf of repulsion for 132 gold pieces
  5965 | D:7      | Reached ** piety under Okawaru
  5969 | D:7      | Reached XP level 9. HP: 70/79 MP: 8/8
  6010 | D:7      | Noticed Pikel
  6023 | D:7      | Killed Pikel
  6024 | D:7      | Reached skill level 1 in Invocations
  6175 | D:7      | Found a runed translucent door.
  6176 | D:7      | Noticed Crazy Yiuf
  6183 | D:7      | Killed Crazy Yiuf
  6318 | D:7      | Reached skill level 10 in Axes
  6648 | D:7      | Reached *** piety under Okawaru
  6710 | D:7      | Found an ancient bone altar of Kikubaaqudgha.
  6805 | D:7      | Noticed Maggie
  6821 | D:7      | Killed Maggie
  6822 | D:7      | Reached XP level 10. HP: 70/90 MP: 11/11
  6833 | D:7      | Reached **** piety under Okawaru
  7123 | D:8      | Found a burning altar of Makhleb.
  7311 | D:8      | Noticed Grum
  7324 | D:8      | Killed Grum
  7393 | D:8      | Received a gift from Okawaru
  7595 | D:8      | Noticed Maurice
  7622 | D:8      | Found a bloodstained altar of Trog.
  7624 | D:8      | Killed Maurice
  7793 | D:8      | Reached ***** piety under Okawaru
  7806 | D:8      | Identified the +9 broad axe "Siguy" {spect, Dex+6} (Okawaru
                  | gifted it to you on level 8 of the Dungeon)
  7806 | D:8      | Received a gift from Okawaru
  8300 | D:9      | Found a blossoming altar of Fedhas.
  8360 | D:9      | Noticed a deep elf pyromancer
  8363 | D:9      | Killed a deep elf pyromancer
  8364 | D:9      | Reached XP level 11. HP: 97/97 MP: 13/13
  8430 | D:9      | Found a staircase to the Orcish Mines.
  8569 | D:9      | Reached skill level 5 in Invocations
  8847 | D:9      | Found an opulent altar of Gozag.
  9198 | D:10     | Entered Level 10 of the Dungeon
  9335 | D:10     | Reached skill level 1 in Throwing
  9376 | D:10     | Found a portal to a secret trove of treasure.
  9434 | D:10     | Found a sacrificial altar of Ru.
  9597 | D:10     | Found a staircase to the Lair.
  9615 | D:10     | Received a gift from Okawaru
  9658 | D:10     | Reached skill level 10 in Fighting
  9997 | Lair:1   | Entered Level 1 of the Lair of Beasts
 10006 | Lair:1   | Reached skill level 10 in Armour
 10015 | Lair:1   | Identified the +4 war axe of the Gloaming {speed, rF+ rC+
                  | Str-3} (Okawaru gifted it to you on level 1 of the Lair of
                  | Beasts)
 10015 | Lair:1   | Received a gift from Okawaru
 10016 | Lair:1   | Reached skill level 10 in Shields
 10512 | Lair:1   | Received a gift from Okawaru
 10558 | Lair:1   | Reached XP level 12. HP: 108/108 MP: 14/14
 11074 | Lair:2   | Found a staircase to the Swamp.
 11251 | Lair:2   | Received a gift from Okawaru
 11252 | Lair:2   | Reached skill level 15 in Axes
 11579 | Lair:2   | Identified the +8 falchion "Dumeukk" {speed, rCorr Int-3
                  | Dex+2}
 11881 | Lair:3   | Noticed a five-headed hydra
 11886 | Lair:3   | Killed a three-headed hydra
 11886 | Lair:3   | Received a gift from Okawaru
 11887 | Lair:3   | Reached skill level 5 in Throwing
 11919 | Lair:2   | Reached ****** piety under Okawaru
 12182 | Lair:3   | Found a staircase to the Snake Pit.
 12343 | Lair:3   | Identified the +0 chain mail "Piatiew" {Str+3} (Okawaru
                  | gifted it to you on level 3 of the Lair of Beasts)
 12343 | Lair:3   | Received a gift from Okawaru
 12536 | Lair:4   | Noticed Rupert
 12540 | Lair:4   | Killed Rupert
 12541 | Lair:4   | Reached XP level 13. HP: 109/117 MP: 16/16
 12578 | Lair:4   | Found a frozen archway.
 12587 | IceCv    | Entered an ice cave
 12728 | IceCv    | Identified the staff of poison "Joecet" {+Blink rPois Str+7
                  | Int-5 Dex-5}
 12852 | Lair:4   | Identified the staff of conjuration "Roub Gua" {rPois rF+++
                  | Str-3 Dex-5}
 13417 | Lair:5   | Entered Level 5 of the Lair of Beasts
 13645 | Lair:5   | Received a gift from Okawaru
 13703 | Lair:5   | Found a staircase to the Slime Pits.
 13862 | Lair:5   | Received a gift from Okawaru
 13966 | Lair:5   | Reached XP level 14. HP: 126/127 MP: 18/18
 14439 | Lair:5   | Identified the +2 flail "Atylibie" {antimagic, rF+ rN+
                  | Str+2 SInv} (Okawaru gifted it to you on level 5 of the
                  | Lair of Beasts)
 14439 | Lair:5   | Received a gift from Okawaru
 14460 | Lair:5   | Noticed Snorg
 14487 | Lair:5   | Killed Snorg
 14988 | D:11     | Found Echela's General Store.
 15133 | D:11     | Found Urreklir's Book Boutique.
 15257 | D:11     | Found Ilitit's Antique Weapon Shop.
 15265 | D:11     | Bought a runed war axe for 221 gold pieces
 16198 | D:12     | Found Duasuikla's Jewellery Emporium.
 16755 | D:13     | Identified the +0 hat of Patience {rN+ Regen+ Slay+2}
                  | (Okawaru gifted it to you on level 13 of the Dungeon)
 16755 | D:13     | Received a gift from Okawaru
 16853 | D:13     | Found a gate to the Vaults.
 17012 | D:13     | Noticed Jorgrun
 17033 | D:13     | Killed Jorgrun
 17625 | D:14     | Found Qaefeex's Antique Armour Boutique.
 17637 | D:14     | Bought a shiny scale mail for 231 gold pieces
 18075 | D:14     | Reached XP level 15. HP: 139/139 MP: 20/20
 18585 | D:15     | Entered Level 15 of the Dungeon
 18622 | D:15     | Noticed MadAsgardian's ghost (journeyman TrMo)
 18641 | D:15     | Found a runed translucent door.
 18722 | D:15     | Received a gift from Okawaru
 18848 | D:15     | Found a hazy altar of Hepliaklqana.
 18915 | D:15     | Found a gate leading to a gauntlet.
 18920 | Gauntlet | Entered a Gauntlet
 18920 | Gauntlet | Found a transporter.
 18920 | Gauntlet | Found a transporter.
 18931 | Gauntlet | Found a transporter.
 18941 | Gauntlet | Found a transporter.
 19057 | Gauntlet | Found a transporter.
 19078 | Gauntlet | Found a transporter.
 19083 | Gauntlet | Found a transporter.
 19089 | Gauntlet | Found a transporter.
 19103 | Gauntlet | Found a transporter.
 19122 | Gauntlet | Found a transporter.
 19126 | Gauntlet | Found a transporter.
 19169 | Gauntlet | Found a transporter.
 19404 | Gauntlet | Identified the +0 cloak "Lucs" {Drain rC+ Regen+}
 19514 | Gauntlet | Reached skill level 15 in Armour
 19519 | Gauntlet | Identified the ring of the Cockatrice {rN+ SInv Stlth+}
 19581 | Gauntlet | Reached skill level 15 in Fighting
 19604 | Gauntlet | Identified the +0 scale mail "Kapnaz" {Str-5 Int+5 Slay+5}
 19792 | D:15     | Reached skill level 15 in Shields
 20122 | D:15     | Found a staircase to the Depths.
 20397 | D:15     | Killed MadAsgardian's ghost
 20555 | Orc:1    | Entered Level 1 of the Orcish Mines
 20563 | Orc:1    | Received a gift from Okawaru
 20825 | Orc:2    | Entered Level 2 of the Orcish Mines
 20858 | Orc:2    | Found a staircase to the Elven Halls.
 21132 | Orc:2    | Found Caxtec Kigh's Antique Weapon Boutique.
 21686 | Orc:2    | Found Cepho's Jewellery Boutique.
 21686 | Orc:2    | Found Aquasoa's Armour Emporium.
 21688 | Orc:2    | Found Maugubosk's Jewellery Emporium.
 21688 | Orc:2    | Found Hidapt's Magic Scroll Boutique.
 21707 | Orc:2    | Bought a scroll of magic mapping for 112 gold pieces
 21707 | Orc:2    | Bought a scroll of magic mapping for 112 gold pieces
 23364 | Orc:2    | Bought the +0 swamp dragon scales of the Gusle {rPois Will+
                  | Dex-2 SInv} for 751 gold pieces
 23546 | Snake:1  | Entered Level 1 of the Snake Pit
 24577 | Snake:2  | Found Lubenad's Jewellery Shop.
 24603 | Snake:2  | Received a gift from Okawaru
 24780 | Snake:2  | Reached XP level 16. HP: 151/152 MP: 15/21
 24862 | Snake:2  | Received a gift from Okawaru
 25769 | Snake:2  | Identified the +3 hat of Wrong Decisions {rCorr Str-4
                  | Dex+4} (Okawaru gifted it to you on level 2 of the Snake
                  | Pit)
 25769 | Snake:2  | Received a gift from Okawaru
 25994 | Snake:3  | Reached skill level 1 in Evocations
 26682 | Snake:3  | Found Womuvet's Whimsical Warehouse.
 27187 | Snake:4  | Entered Level 4 of the Snake Pit
 27190 | Snake:4  | Noticed Aizul
 27205 | Snake:3  | Killed Aizul
 27646 | Snake:4  | Received a gift from Okawaru
 27768 | Snake:4  | Reached XP level 17. HP: 146/162 MP: 22/22
 27779 | Snake:4  | Received a gift from Okawaru
 27909 | Snake:4  | Found Uci Pis's Book Shop.
 27955 | Snake:4  | Received a gift from Okawaru
 28274 | Snake:4  | Noticed Vashnia
 28326 | Snake:4  | Killed Vashnia
 28375 | Snake:4  | Got a serpentine rune of Zot
 28653 | Snake:4  | Received a gift from Okawaru
 28823 | Snake:4  | Found a radiant altar of Vehumet.
 29294 | Swamp:1  | Entered Level 1 of the Swamp
 29686 | Swamp:1  | Reached skill level 5 in Evocations
 29709 | Swamp:1  | You fall into a shaft and drop 1 floor!
 30586 | Swamp:2  | Received a gift from Okawaru
 30666 | Swamp:2  | Reached skill level 10 in Invocations
 30713 | Swamp:2  | Received a gift from Okawaru
 31375 | Swamp:2  | Received a gift from Okawaru
 31863 | Swamp:3  | Received a gift from Okawaru
 31879 | Swamp:3  | Reached XP level 18. HP: 166/173 MP: 24/24
 31888 | Swamp:3  | Found a runed translucent gate.
 31889 | Swamp:3  | Found a runed translucent gate.
 31889 | Swamp:3  | Found a runed translucent gate.
 32119 | Swamp:3  | Identified the +1 falchion "Paov" {drain, rElec Will+}
 32181 | Swamp:3  | Identified a scroll of acquirement
 32182 | Swamp:3  | Noticed Keoguots's ghost (adept GnSk)
 32203 | Swamp:3  | Killed Keoguots's ghost
 32242 | Swamp:3  | Acquired 732 gold pieces
 32385 | Swamp:3  | Received a gift from Okawaru
 32592 | Swamp:4  | Entered Level 4 of the Swamp
 33322 | Swamp:4  | Got a decaying rune of Zot
 33435 | Swamp:4  | Noticed the 27-headed Lernaean hydra
 33447 | Swamp:4  | Killed the 21-headed Lernaean hydra
 33447 | Swamp:4  | Received a gift from Okawaru
 34246 | Vaults:1 | Entered Level 1 of the Vaults
 34290 | Vaults:1 | Received a gift from Okawaru
 34329 | Vaults:1 | Found Aduufronah's Armour Boutique.
 34361 | Vaults:1 | Found a crumbling gateway.
 34369 | Desolati | Entered the Desolation of Salt
 34520 | Desolati | Identified the +1 buckler of Light {+Inv}
 34593 | Desolati | Identified the ring of Xewewid {Ice MP+9}
 34600 | Desolati | Identified the ring of Elyvilon's Anger {Will+ MP+9}
 34622 | Desolati | Identified the staff of fire "Xiwes" {rF+ rCorr SInv}
 34654 | Desolati | Identified the +3 hand axe of Eveluirph {pain, rN+ Will+
                  | Str+6 Dex-3} (Okawaru gifted it to you in the Desolation of
                  | Salt)
 34654 | Desolati | Received a gift from Okawaru
 34762 | Desolati | Identified the ring "Numarr Zeho" {rF+ AC+4}
 34771 | Desolati | Got the Papyrus of the Conjured Quake
 35060 | Desolati | Identified the +0 robe of Qeicaibb {rElec SInv}
 35061 | Desolati | Identified the amulet "Wogrojog" {Reflect rC+ SH+5}
 35074 | Desolati | Identified the +1 ring mail of Cloud Cover {Rampage rF+ rC+
                  | MP+9}
 35153 | Vaults:1 | Reached XP level 19. HP: 112/183 MP: 22/26
 35196 | Vaults:1 | Received a gift from Okawaru
 35246 | Vaults:1 | Reached skill level 10 in Throwing
 35829 | Vaults:1 | Found the +8 storm bow {elec, penet}
 35849 | Vaults:1 | Received a gift from Okawaru
 36109 | Vaults:1 | Received a gift from Okawaru
 36256 | Vaults:1 | Received a gift from Okawaru
 36902 | Vaults:2 | Received a gift from Okawaru
 37217 | Vaults:1 | Identified the +2 plate armour of Omnepryduk {Will+ Int-4
                  | SInv} (Okawaru gifted it to you on level 1 of the Vaults)
 37217 | Vaults:1 | Received a gift from Okawaru
 37232 | Vaults:2 | Noticed Xtahua
 37247 | Vaults:2 | Killed Xtahua
 37801 | Vaults:2 | Paralysed by a sphinx for 5 turns
 38683 | Vaults:2 | Found a staircase to the Crypt.
 38683 | Vaults:2 | Found a basalt altar of Yredelemnul.
 38683 | Vaults:2 | Found an ancient bone altar of Kikubaaqudgha.
 38962 | Vaults:3 | Reached XP level 20. HP: 184/194 MP: 25/28
 38969 | Vaults:3 | Identified the +1 cloak of Dishonour {rCorr Int+3 Dex+2}
                  | (Okawaru gifted it to you on level 3 of the Vaults)
 38969 | Vaults:3 | Received a gift from Okawaru
 39045 | Vaults:3 | Noticed Jory
 39057 | Vaults:3 | Killed Jory
 40785 | Vaults:4 | Identified the scarf of the Trees {harm, rElec rN+ Dex+3}
                  | (Okawaru gifted it to you on level 4 of the Vaults)
 40785 | Vaults:4 | Received a gift from Okawaru
 41206 | Vaults:4 | Reached skill level 1 in Dodging
 41377 | Vaults:4 | Found Joroppat's Jewellery Boutique.
 41778 | Vaults:4 | Paralysed by a great orb of eyes for 2 turns
 42134 | Vaults:5 | Entered Level 5 of the Vaults
 42138 | Vaults:5 | Noticed a golden dragon
 42145 | Vaults:5 | Noticed an ancient lich
 42147 | Vaults:5 | Killed an ancient lich
 42151 | Vaults:5 | Killed a golden dragon
 42172 | Vaults:5 | Reached XP level 21. HP: 141/205 MP: 24/30
 42176 | Vaults:5 | Identified the +3 ring mail "Oshra Kid" {Regen+ rCorr}
                  | (Okawaru gifted it to you on level 5 of the Vaults)
 42176 | Vaults:5 | Received a gift from Okawaru
 42273 | Vaults:5 | Identified the staff of poison "Rupejaph" {+Blink rPois
                  | rF+}
 42282 | Vaults:4 | HP: 5/205 [tengu reaver/bolt of lightning (28)]
 42283 | Vaults:4 | HP: 1/205 [tengu reaver/+0 war axe (5)]
 42284 | Vaults:4 | Killed from afar by a tengu reaver

Illustrated notes

Levels and vault maps discovered:
D:1:      heliophobic_arrival_ceremonial_halls, layout_loops_corners
D:2:      layout_loops_ring, st_stairs_2, uniq_sigmund
D:3:      layout_basic, elyvilon_altar_3, serial_undead, serial_undead_a,
          serial_undead_f, serial_undead_e, serial_undead_c, serial_undead_f,
          serial_undead_c
D:4:      layout_loops_ring, okawaru_metal_pillars_1_2,
          minmay_temple_entry_nine_rooms, serial_aquarium,
          aquarium_bridge_square [aquarium_subvault_bridge,
          aquarium_subvault_bridge, aquarium_subvault_bridge,
          aquarium_subvault_wall], aquarium_bridge_square
          [aquarium_subvault_bridge, aquarium_subvault_window,
          aquarium_subvault_window, aquarium_subvault_wall], aquarium_window_1,
          aquarium_window_1, aquarium_window_1, aquarium_view_2c,
          aquarium_balcony_double_4, aquarium_pool_2, uniq_duvessa, uniq_robin,
          uniq_ijyb
D:5:      layout_gridville, nemelex_spade_bored_becter, uniq_blork_the_orc
D:6:      layout_gridville, vehumet_statue, nicolae_shop_sticking_my_neck_out
D:7:      layout_loops_ring, lemuel_mausoleum_altar_kikubaaqudgha, serial_glass,
          glass_columns_b, glass_columns_a, hex_medium, uniq_maggie, uniq_pikel,
          uniq_crazy_yiuf_cottage
D:8:      layout_gridville, overflow_temple_1_default, trog_butcher_becter,
          serial_glass, glass_columns_a, glass_columns_b, due_unseen_surprise,
          uniq_grum, uniq_maurice
D:9:      layout_loops_cross, fedhas_ov_isle_minmay,
          lemuel_coloured_pillars_altar, orc_0_dummy
D:10:     layout_irregular_city, mainiacjoe_overflow_24_doors, lair_entry_dummy,
          enter_trove_0, eino_tiny_chamber, uniq_josephine
D:11:     layout_long_grid, serial_shops, shop_statue, shop, shop, minivault_4
D:12:     layout_basic, serial_shops, nicolae_shop_rolling_square
D:13:     layout_basic, ximxim_vaults_locker_room, uniq_jorgrun
D:14:     layout_roguey, hangedman_decor_peaks_small, serial_shops, shop,
          chequers_garden
D:15:     grunt_enter_depths_magical_seal, layout_grid_maze,
          chequers_serial_rivers_micro_a, hellmonk_ghost_happy_afterlife,
          gauntlet_entry_generic, nicolae_hepliaklqana_monster_ancestors
Lair:1:   layout_misc_corridors, special_room [special_room_bee],
          lemuel_fruit_tree
Lair:2:   layout_cave_shapes, skrybe_swamp_entry_bodies
Lair:3:   layout_hall_layers, nicolae_snake_entry_warm_welcome
Lair:4:   layout_big_grid, portal_ice_cave_entry_imps,
          chequers_serial_rivers_small_a, serial_bayou_shore_b, uniq_rupert
Lair:5:   grunt_lair_end_beastmaster, layout_hall_layers,
          nicolae_slime_entry_field_trip, uniq_snorg
Swamp:1:  layout_falls_marsh, evilmike_swamp_ruin_rubble_2, swamp_pool3
Swamp:2:  nicolae_swamp_phyte_club, layout_falls_marsh,
          nicolae_swamp_decorative_isthmus
Swamp:3:  layout_basic_swamp, gammafunk_ghost_necromancy,
          evilmike_swamp_ruin_house_5, swamp_pool1, nicolae_swamp_little_tower
Swamp:4:  swamp, layout_basic_swamp
Snake:1:  layout_cave_shapes, grunt_megastairs_1
Snake:2:  layout_layer_cave, serial_shops, shop, nicolae_snake_mages_go_home
Snake:3:  layout_grid_shapes, nicolae_alphabet_shops, grunt_ministairs_7,
          serial_bayou_shore_b, nicolae_triple_integral
Snake:4:  grunt_snake_rune_serpentine_throne, layout_onion, basic_altar,
          serial_shops, shop, nicolae_fountain_basement, grunt_megastairs_3,
          uniq_aizul
Orc:1:    layout_diamond_mine
Orc:2:    grunt_orc_tribal_feast, layout_caves, serial_shops,
          nicolae_shop_back_alley_shop, nicolae_orc_lava_room
Vaults:1: portal_desolation_entry_garden, vaults_standard_mumra_x,
          vaults_room_door_ring, hangedman_vaults_maws,
          nicolae_vaults_display_case, v_misc_27, v_pattern_1,
          nicolae_vaults_taking_the_gang_shopping, ontoclasm_vaults_gateway,
          nicolae_vaults_house_1, layout_vaults_quadrants
Vaults:2: nicolae_vaults_network_periphery, v_misc_11,
          nicolae_vaults_three_branches, nicolae_vaults_shrinking_rooms_1,
          hangedman_vaults_river_flow, vaults_room_fancy_cross,
          nicolae_vaults_double_plus_2, v_misc_29,
          minmay_crypt_entry_necro_gods, nicolae_vaults_diamond_2,
          vaults_dpeg_emergency_exit, nicolae_vaults_surprise_closet_hard,
          grunt_vaults_hallway_short, layout_vaults_ring, uniq_margery,
          uniq_xtahua
Vaults:3: nicolae_vaults_storage_closets_3, nicolae_vaults_mitosis,
          nicolae_vaults_tetromino_Z_1, vaults_room_stairs_pillars,
          nicolae_vaults_storage_closets_1, nicolae_vaults_heart-shaped_vault,
          v_misc_8, nicolae_vaults_stepped_doors, v_rooms_2,
          ontoclasm_vaults_fault, nicolae_vaults_little_squares_6,
          ontoclasm_vaults_decontamination, nicolae_vaults_variable_pillar_hall,
          layout_vaults_omnibox, uniq_jory
Vaults:4: v_misc_26, dpeg_vaults_monster_row, nicolae_vaults_little_squares_2,
          nicolae_vaults_windows_and_doors_thing,
          vaults_room_grunt_arrival_checkpoint, hangedman_vaults_corner_blocks,
          nicolae_vaults_two_Ls, vaults_room_corners,
          nicolae_vaults_know_your_exits, nicolae_vaults_little_squares_4,
          grunt_vaults_funnel, nicolae_vaults_tetromino_T_1,
          layout_vaults_omnicross, serial_shops, shop
Vaults:5

Skill      XL: |  1  2  3  4  5  6  7  8  9 10 11 12 13 14 15 16 17 18 19 20 21 |
---------------+----------------------------------------------------------------+-----
Axes           | 3 4 5 6 7 9 10 12 14 15 17 18 | 18.0
Fighting       | 4 5 6 7 8 9 10 11 12 14 16 17 18 19 20 21 | 21.5
Armour         | 4 5 6 7 8 9 10 11 12 14 16 17 18 19 20 21 | 21.6
Shields        | 4 5 6 7 8 9 10 11 12 14 16 17 18 19 20 21 | 21.6
Invocations    | 3 4 5 7 8 10 11 12 14 | 14.0
Throwing       | 3 5 6 8 9 10 | 10.0
Evocations     | 3 5 7 8 |  8.0
Dodging        | 3 4 |  4.5

Action                     |  1- 3 |  4- 6 |  7- 9 | 10-12 | 13-15 | 16-18 | 19-21 || total
---------------------------+-------+-------+-------+-------+-------+-------+-------++-------
  Melee: War axe           |    57 |   138 |   260 |   137 |   121 |   339 |       ||  1052
         Headbutt          |     9 |    19 |    44 |    89 |   162 |   272 |   212 ||   807
         Broad axe         |       |       |       |   240 |   613 |   609 |   617 ||  2079
         Punch             |       |       |       |       |       |     1 |       ||     1
  Throw: Boomerang         |       |       |       |     1 |       |     1 |       ||     2
         Javelin           |       |       |       |     1 |     7 |     1 |       ||     9
         Dart              |       |       |       |       |     7 |     2 |       ||     9
 Invoke: Finesse           |       |       |       |       |     6 |     9 |     5 ||    20
         Heroism           |       |       |       |       |     1 |    11 |     4 ||    16
  Evoke: Wand              |       |       |       |     1 |     9 |     1 |     3 ||    14
         Phial of floods   |       |       |       |       |     1 |       |       ||     1
    Use: Scroll            |     4 |     2 |     5 |     9 |    16 |    14 |    10 ||    60
         Potion            |       |       |     2 |       |     1 |     2 |     1 ||     6
   Stab: Distracted        |       |       |       |       |    13 |    18 |    17 ||    48
         Confused          |       |       |       |       |       |     1 |       ||     1
         Fleeing           |       |       |       |       |       |       |     1 ||     1
 Armour: Scale mail        |    14 |       |       |       |       |       |       ||    14
         Chain mail        |     9 |    82 |   101 |   146 |   240 |       |       ||   578
         Swamp dragon scal |       |       |       |       |    16 |       |       ||    16
         Plate armour      |       |       |       |       |     5 |   433 |   111 ||   549
  Dodge: Dodged            |    19 |    48 |   109 |   178 |   296 |   326 |    98 ||  1074
         Repelled          |       |       |       |       |     1 |       |       ||     1
  Block: Buckler           |    10 |    20 |    52 |    99 |   201 |    61 |       ||   443
         Tower shield      |       |       |       |       |       |   588 |   468 ||  1056
         Reflection        |       |       |       |       |       |    29 |    56 ||    85
